 Dungeon Crawl Stone Soup version 0.30-a0-916-g9813417 (webtiles) character file.

Game seed: 745216407948190854

102 PurpleRed the Trooper (level 4, 0/45 HPs)
             Began as an Ogre Wanderer on Apr 14, 2023.
             Slain by Pargi (1 damage)
             ... in a sewer.
             The game lasted 00:08:18 (1457 turns).

PurpleRed the Trooper (Ogre Wanderer)               Turns: 1457, Time: 00:08:18

Health: 0/45       AC:  3    Str: 19    XL:     4   Next: 78%
Magic:  0/5        EV:  7    Int: 12    God:
Gold:   76         SH:  8    Dex: 14    Spells: 4/5 levels left

rFire   . . .      SeeInvis .    j - +0 flail
rCold   . . .      Faith    .    b - +0 kite shield
rNeg    . . .      Spirit   +    d - +0 robe
rPois   .          Reflect  .    (helmet restricted)
rElec   .          Rampage  .    (no cloak)
rCorr   .                        (gloves unavailable)
Will    .....                    (boots unavailable)
Stlth   +                        k - amulet of guardian spirit
HPRegen 0.27/turn                h - ring of wizardry
MPRegen 0.09/turn                i - +6 ring of dexterity

@: hasted, very quick
A: large, unfitting armour, tough skin 1
a: no special abilities


You were in a sewer.
You visited 1 branch of the dungeon, and saw 4 of its levels.
You also visited: Sewer.

You collected 76 gold pieces.

Inventory:

Hand Weapons
 a - a +0 club
 j - a +0 flail (weapon)
Missiles
 g - 22 stones
Armour
 b - a +0 kite shield (worn)
 d - a +0 robe (worn)
Jewellery
 h - a ring of wizardry (left hand)
 i - a +6 ring of dexterity (right hand)
 k - an amulet of guardian spirit (around neck)
 s - a +6 ring of dexterity
Scrolls
 e - a scroll of silence
 f - 4 scrolls of identify {unknown}
 l - 2 scrolls of fog {unknown}
 m - a scroll of acquirement {unknown}
 n - a scroll of summoning {unknown}
 q - 2 scrolls of enchant weapon {unknown}
 r - 2 scrolls of poison {unknown}
Potions
 c - a potion of mutation {unknown}
 o - a potion of haste
 p - a potion of berserk rage {unknown}
 t - 2 potions of might {unknown}


   Skills:
 + Level 3.5 Fighting
 * Level 3.3 Axes
 - Level 2.0 Shields
 - Level 2.6 Unarmed Combat
 - Level 1.2 Spellcasting
 - Level 2.6 Necromancy


You had 4 spell levels left.
You knew the following spells:

 Your Spells              Type           Power      Damage    Failure   Level
a - Necrotise             Necr           28%        1d5       10%         1

Your spell library contained the following spells:

 Spells                   Type           Power      Damage    Failure   Level
 Sublimation of Blood     Necr           7%         N/A       16%         2
 Animate Dead             Necr           7%         N/A       65%         4


Dungeon Overview and Level Annotations

Branches:
Dungeon (4/15)              Sewer (1/1)
 Temple: D:4-7

Altars:

Annotations:
Sewer Pargi


Innate Abilities, Weirdness & Mutations

You are too large for most types of armour.
You have tough skin. (AC +1)


Message History

You miss Pargi.
Pargi is lightly wounded.
You block Pargi's attack. Pargi barely misses you. You block Pargi's attack.
You barely miss Pargi.
You block Pargi's attack. x2; Pargi claws you.
You closely miss Pargi.
Pargi looks very sad for a moment.
Pargi bites you. Pargi claws you but does no damage. Pargi claws you.
You hit Pargi.
Pargi is lightly wounded.
Pargi bites you. Pargi closely misses you. You block Pargi's attack.
You sock Pargi!
Pargi is moderately wounded.
You barely miss Pargi.
Pargi is moderately wounded.
You block Pargi's attack. Pargi barely misses you. Pargi claws you.
You hit Pargi.
Pargi is heavily wounded.
Pargi bites you but does no damage. Pargi barely misses you.
Pargi claws you but does no damage.
You sock Pargi!
Pargi is severely wounded.
You block Pargi's attack. x2; Pargi claws you.
You sock Pargi!
Pargi is almost dead.
Pargi closely misses you. You block Pargi's attack. Pargi claws you.
You completely miss Pargi.
Pargi is almost dead.
Pargi bites you.
* * * LOW HITPOINT WARNING * * *
Pargi claws you.
* * * LOW HITPOINT WARNING * * *
You block Pargi's attack.
You hit Pargi.
Pargi is almost dead.
Pargi bites you!
* * * LOW HITPOINT WARNING * * *
Pargi claws you.
* * * LOW HITPOINT WARNING * * *
Pargi claws you.
You die...

≈≈≈≈≈≈~ ≈≈≈≈≈≈.##
≈≈≈≈≈≈≈~#
≈≈≈≈≈≈≈~#######
≈≈≈≈≈≈≈≈~~T.~~~
≈≈≈≈≈≈≈~## ≈≈≈≈≈≈≈~.#
≈≈≈≈≈≈≈T## ≈≈≈≈≈≈≈@###
≈≈≈≈≈≈≈≈†.##
#≈≈≈≈≈≈≈≈~~### ###
#≈≈≈≈≈≈≈≈≈≈~~#### ##.~
##≈≈≈≈≈≈≈≈≈≈≈~~.#####.#~
###≈≈≈≈≈≈≈≈≈≈≈~~.#..~~≈
#≈≈≈≈≈≈≈≈≈≈≈≈≈~...≈≈≈
##≈≈≈≈≈≈≈≈≈≈≈≈≈≈≈≈≈≈≈
##≈≈≈≈≈≈≈≈≈≈≈≈≈≈≈≈≈≈


You could see Pargi.

Vanquished Creatures
  4 adders
  A worm (D:3)
  2 dart slugs (D:1)
  2 orcs (D:3)
  4 bats
  7 endoplasms
  4 giant cockroaches
  7 goblins
  3 hobgoblins (D:1)
  A quokka (D:1)
  6 ball pythons
  3 frilled lizards (Sewer)
  5 kobolds
  8 rats
57 creatures vanquished.

Notes
Turn   | Place    | Note
-------+----------+-------------------------------------------
     0 | D:1      | PurpleRed the Ogre Wanderer began the quest for the Orb.
     0 | D:1      | PurpleRed set off with the following items: a +0 club, a +0
                  | kite shield, a scroll of teleportation, a +0 robe, a scroll
                  | of silence; and the following spell memorised: Necrotise;
                  | and the following spells available to memorise: Sublimation
                  | of Blood, Animate Dead.
     0 | D:1      | Reached XP level 1. HP: 19/19 MP: 2/2
    74 | D:1      | Reached skill level 1 in Axes
    76 | D:1      | Reached XP level 2. HP: 27/28 MP: 1/3
   339 | D:1      | Reached XP level 3. HP: 36/36 MP: 4/4
   682 | D:2      | You fall into a shaft and drop 2 floors!
   934 | D:2      | Reached XP level 4. HP: 23/45 MP: 3/5
  1378 | D:3      | Found a glowing drain.
  1390 | Sewer    | Entered a sewer
  1439 | Sewer    | Noticed Pargi
  1457 | Sewer    | HP: 1/45 [Pargi (3)]
  1457 | Sewer    | Slain by Pargi

Illustrated notes

Levels and vault maps discovered:
D:1:      lightli_arrival_maybe_door_vault, layout_rooms
D:2:      layout_loops_ring, serial_shops, shop, kennysheep_donut, uniq_sigmund,
          uniq_natasha
D:3:      layout_loops_ring, portal_sewer_entry_e
D:4:      layout_gridville, uniq_robin
Sewer:    sewer_co_pargi_island

Skill      XL: |  1  2  3  4 |
---------------+-------------+-----
Axes           | 1 2 3 |  3.3
Fighting       | 2 3 |  3.5
Shields        | |  2.0
Unarmed Combat | |  2.6
Spellcasting   | |  1.2
Necromancy     | |  2.6

Action                     |  1- 3 |  4- 6 || total
---------------------------+-------+-------++-------
  Melee: Club              |    69 |       ||    69
         Flail             |    68 |    64 ||   132
   Cast: Necrotise         |     3 |     2 ||     5
    Use: Potion            |     2 |     1 ||     3
         Scroll            |     1 |       ||     1
   Stab: Sleeping          |       |     1 ||     1
 Armour: Robe              |    52 |    17 ||    69
  Dodge: Dodged            |    52 |    20 ||    72
  Block: Kite shield       |    67 |    32 ||    99

Table legend: (Time is in decaauts)
 A = Elapsed time spent in this place.
 B = Non-inter-level travel time spent in this place.
 C = Inter-level travel time spent in this place.
 D = Time resting spent in this place.
 E = Time spent auto-exploring this place.
 F = Levels seen in this place.
 G = Mean time per level.
                   A        B        C        D        E       F      G
               +--------+--------+--------+--------+--------+-----+--------+
         Total |   1540 |   1528 |     12 |     91 |    427 |   5 |  308.0 |
       Dungeon |   1469 |   1457 |     12 |     91 |    420 |   4 |  367.2 |
         Sewer |     71 |     71 |      0 |      0 |      7 |   1 |   71.0 |
               +--------+--------+--------+--------+--------+-----+--------+

Top non-repeatable levels by time:
     D:1: 690 daAuts
     D:3: 538 daAuts
     D:4: 177 daAuts
   Sewer: 71 daAuts
     D:2: 63 daAuts
